[Event "Friday 12 January Rapid Engine Tour12+1 Rponds 9 Starts 1600 ST"]
[Site "Infinity Chess"]
[Date "2018.1.12"]
[Round "8"]
[White "angriff"]
[Black "Gilgamesch"]
[Result "1/2-1/2"]
[ECO "C50"]
[WhiteElo "2428"]
[BlackElo "2503"]
[WhiteEngine "SF_64BIT_POPCNT_CTG"]
[BlackEngine "BrainFish_171005_x64_bmi2"]
[EventType "Swiss"]
[WhiteTeam ""]
[BlackTeam ""]
[PlyCount "119"]
[TimeControl "720+1"]

1. e4 e5 2. Nf3 Nc6 3. Bc4 Bc5 4. O-O Nf6 5. d3 d6 6. c3 O-O 7. Nbd2 a5 
8. Re1 Ba7 9. h3 Be6 10. Bb5 Ne7 11. d4 Ng6 12. Nf1 exd4 13. cxd4 d5 14. e5 Ne4 
15. Bd3 f6 16. exf6 Qxf6 17. Ng3 Nxf2 18. Kxf2 Nh4 19. Be3 c6 20. Kg1 Nxf3+ 
21. Qxf3 Qxf3 22. gxf3 Rxf3 23. Kg2 Raf8 24. Bg1 Bxh3+ 25. Kxh3 Rxd3 
26. Rad1 Rxd1 27. Rxd1 Rf6 28. Rd3 Bb8 29. Kg2 Kf7 30. Bh2 Rg6 31. Kf2 h5 
32. Rf3+ Ke6 33. Re3+ Kf7 34. Rf3+ Rf6 35. Rxf6+ gxf6 36. Kf3 Kg6 37. Bg1 h4 
38. Ne2 Kf5 39. Bf2 h3 40. Ng3+ Ke6 41. Bg1 f5 42. Be3 h2 43. Nh1 a4 44. Nf2 Ba7 
45. Kg3 Bb6 46. b4 axb3 47. axb3 f4+ 48. Kxf4 Bc7+ 49. Kf3 Kf5 50. Bd2 Bd6 
51. Kg2 b6 52. Kh1 c5 53. dxc5 bxc5 54. Kg2 c4 55. bxc4 dxc4 56. Nd1 c3 
57. Nxc3 h1=Q+ 58. Kxh1 Bc7 59. Bc1 Be5 60. Ne2 1/2-1/2

[Event "Friday 12 January Rapid Engine Tour12+1 Rponds 9 Starts 1600 ST"]
[Site "Infinity Chess"]
[Date "2018.1.12"]
[Round "7"]
[White "ocirema"]
[Black "MedusaV3"]
[Result "1/2-1/2 "]
[ECO "C55"]
[WhiteElo "2399"]
[BlackElo "2345"]
[WhiteEngine "stockfish_18010422_x64_modern_CTG"]
[BlackEngine "komodo-11.2.2-64bit"]
[EventType "Swiss"]
[WhiteTeam ""]
[BlackTeam ""]
[PlyCount "164"]
[TimeControl "720+1"]

1. e4 e5 2. Nf3 Nc6 3. Bc4 Nf6 4. d3 Bc5 5. O-O d6 6. c3 O-O 7. h3 h6 8. Bb3 a5 
9. Bc2 b5 10. d4 Bb6 11. Be3 exd4 12. cxd4 Nb4 13. Nbd2 Nxc2 14. Qxc2 Re8 
15. Rfe1 Nxe4 16. Nxe4 Bf5 17. Bxh6 Qe7 18. Nfd2 d5 19. Be3 dxe4 20. a4 bxa4 
21. Rxa4 Rad8 22. Nc4 Rd5 23. Rc1 Bd7 24. Nxb6 cxb6 25. Rc4 Qh4 26. Rc7 Re6 
27. Qc4 Red6 28. Kh2 Rg6 29. Qf1 Qf6 30. Qe2 Qf5 31. Rh1 Qe6 32. Kg1 Kh7 
33. Rc3 Qf6 34. Rc7 Qd6 35. Rc1 Rb5 36. Rc2 Qd5 37. Kh2 Bxh3 38. g3 Bd7 
39. Rc7 Kg8 40. Kg2 Qf5 41. Ra7 Qf3+ 42. Qxf3 exf3+ 43. Kg1 Bc6 44. Rc7 Be8 
45. Rc8 Re6 46. Rd8 f6 47. d5 Re5 48. d6 Rbd5 49. g4 Re6 50. Bxb6 Rdxd6 
51. Rxd6 Rxd6 52. Be3 Rd1+ 53. Kh2 Rxh1+ 54. Kxh1 g5 55. Bd4 Kf7 56. Kh2 a4 
57. Kg3 Bc6 58. Bc5 Bd5 59. Bb6 Bc6 60. Bd4 Bd5 61. Kh3 Ba8 62. Kg3 Kg7 
63. Bc5 Kg6 64. Kh3 f5 65. Kg3 f4+ 66. Kh3 Kf6 67. Bd4+ Kf7 68. Bb6 Bc6 
69. Ba5 Bb7 70. Bb4 Kg6 71. Bc5 Bc6 72. Bd4 Bd7 73. Bc5 Kf7 74. Bb6 Bc8 
75. Bd8 Kg6 76. Be7 Be6 77. Bd8 Bd5 78. Kh2 Bc4 79. Ba5 Bb5 80. Bd8 Bd7 
81. Kh3 Bc6 82. Be7 Bd5 1/2-1/2

[Event "Friday 12 January Rapid Engine Tour12+1 Rponds 9 Starts 1600 ST"]
[Site "Infinity Chess"]
[Date "2018.1.12"]
[Round "7"]
[White "Neoxium"]
[Black "SkyPilot"]
[Result "1/2-1/2"]
[ECO "E06"]
[WhiteElo "2433"]
[BlackElo "2433"]
[WhiteEngine "Stockfish SL FA PB BMI2"]
[BlackEngine "stockfish_x64_bmi2_2018_01_01_CTG"]
[EventType "Swiss"]
[WhiteTeam ""]
[BlackTeam ""]
[PlyCount "144"]
[TimeControl "720+1"]

1. d4 Nf6 2. c4 e6 3. g3 d5 4. Bg2 Be7 5. Nf3 O-O 6. O-O dxc4 7. Ne5 Nc6 
8. Bxc6 bxc6 9. Nxc6 Qe8 10. Nxe7+ Qxe7 11. Na3 c5 12. dxc5 Qxc5 13. Be3 Qb4 
14. Qd2 Qxd2 15. Bxd2 Ba6 16. Bc3 Nd5 17. Rfd1 Rac8 18. f3 f6 19. Rd2 Rc7 
20. Kf2 Rb8 21. Rad1 Kf7 22. h4 Rbb7 23. h5 Ke7 24. Nb1 Bb5 25. Bd4 Kf7 
26. Rc1 a6 27. Bc3 Rc5 28. Bd4 Rcc7 29. Bc3 Rc5 30. Rh1 Rd7 31. e4 Nxc3 
32. Rxd7+ Bxd7 33. Nxc3 Rc8 34. Rd1 Bc6 35. g4 Ke7 36. Rd2 Rf8 37. Kg3 Rc8 
38. Kf2 g6 39. h6 g5 40. Kg3 Rb8 41. Kg2 Bd7 42. Kg1 Bc6 43. Kg2 Rb6 44. Kf2 Rb7 
45. Nb1 Rb8 46. Na3 Rb4 47. Ke3 c3 48. bxc3 Ra4 49. Nb1 f5 50. exf5 exf5 
51. gxf5 Rf4 52. Rf2 Kf6 53. Nd2 Kxf5 54. Rf1 Rh4 55. Nb3 Bb5 56. Rd1 Rc4 
57. Rd3 Ke5 58. Nd4 Rc8 59. Nxb5 axb5 60. a3 Ra8 61. Kf2 Rxa3 62. Rd4 Rxc3 
63. Rd7 b4 64. Rxh7 Rc2+ 65. Kg3 b3 66. Rb7 Kf6 67. h7 Rc8 68. f4 b2 
69. Rxb2 gxf4+ 70. Kxf4 Rc4+ 71. Kg3 Kg7 72. Rb7+ Kh8 1/2-1/2

[Event "Friday 12 January Rapid Engine Tour12+1 Rponds 9 Starts 1600 ST"]
[Site "Infinity Chess"]
[Date "2018.1.12"]
[Round "7"]
[White "hafaba"]
[Black "MarioDeMonti"]
[Result "1/2-1/2 "]
[ECO "A06"]
[WhiteElo "2399"]
[BlackElo "2406"]
[WhiteEngine "SF_McBRAIN64BIT_POPCNT_CTG"]
[BlackEngine "stockfish_x64_bmi2_2018_01_01_CTG"]
[EventType "Swiss"]
[WhiteTeam ""]
[BlackTeam ""]
[PlyCount "118"]
[TimeControl "720+1"]

1. Nf3 d5 2. d4 Nf6 3. c4 c6 4. e3 e6 5. Nbd2 Nbd7 6. b3 Bd6 7. Bb2 b6 
8. Bd3 O-O 9. O-O Bb7 10. Re1 Qc7 11. e4 dxe4 12. Nxe4 Nxe4 13. Rxe4 Be7 
14. Qc2 g6 15. Re3 Bf6 16. Rd1 c5 17. Be4 Bxe4 18. Qxe4 Rad8 19. Ree1 a6 
20. h4 b5 21. Qe2 cxd4 22. cxb5 e5 23. bxa6 Qb6 24. a4 Ra8 25. Ba3 Rfb8 
26. b4 Qxa6 27. Qxa6 Rxa6 28. a5 Bg7 29. Rc1 Ra7 30. Rc4 f6 31. g4 Nb6 
32. Rc5 Nd7 33. Rd5 Bf8 34. g5 Bxb4 35. Bxb4 Rxb4 36. gxf6 Ra4 37. Nxe5 Nxe5 
38. Rexe5 Kf7 39. Kg2 d3 40. h5 Kxf6 41. hxg6 hxg6 42. a6 R7xa6 43. Re3 d2 
44. Rxd2 Ra3 45. Re8 Kf7 46. Rc8 Kg7 47. Rc7+ Kf6 48. Rdd7 R6a5 49. Rd6+ Kg5 
50. Rg7 R5a4 51. Rdxg6+ Kf5 52. Rg5+ Kf6 53. R5g6+ Kf5 54. Rg5+ Ke6 55. f3 Ra2+ 
56. Kg3 R2a3 57. Rc5 Kf6 58. Rgg5 Ra1 59. Rgf5+ Kg7 1/2-1/2

[Event "Friday 12 January Rapid Engine Tour12+1 Rponds 9 Starts 1600 ST"]
[Site "Infinity Chess"]
[Date "2018.1.12"]
[Round "7"]
[White "KillBill2017"]
[Black "Satria_Ungu"]
[Result "1/2-1/2"]
[ECO "C77"]
[WhiteElo "2396"]
[BlackElo "2409"]
[WhiteEngine "asmFishW_2018-01-12_popcnt_CTG"]
[BlackEngine "Houdini 6"]
[EventType "Swiss"]
[WhiteTeam ""]
[BlackTeam ""]
[PlyCount "177"]
[TimeControl "720+1"]

1. e4 e5 2. Nf3 Nc6 3. Bb5 a6 4. Ba4 Nf6 5. O-O Be7 6. Re1 b5 7. Bb3 O-O 
8. c3 d6 9. h3 Bb7 10. d4 h6 11. Nbd2 Re8 12. Nf1 Bf8 13. Ng3 Na5 14. Bc2 Nc4 
15. b3 Nb6 16. Bd2 c5 17. d5 a5 18. Be3 Ba6 19. Nd2 b4 20. c4 g6 21. Bd3 Bg7 
22. a3 Bb7 23. Nf3 Nbd7 24. Be2 Kh7 25. Qd2 Nb8 26. Bf1 Na6 27. Bd3 Bc8 
28. Ra2 bxa3 29. Rxa3 Nb4 30. Rea1 Bd7 31. Ne1 Qc7 32. Be2 Reb8 33. Qc1 Qd8 
34. Bd3 Rb7 35. Bb1 Be8 36. Bd2 Rbb8 37. Bc2 Rb7 38. Bd1 Rba7 39. Bc2 Rb7 
40. Be3 Qb8 41. Qd1 Bd7 42. Qd2 Rba7 43. f3 Rb7 44. Nd3 Qd8 45. Qc1 Rbb8 
46. Qd2 Rb7 47. Bb1 Rbb8 48. Qf2 Kg8 49. Qd2 Kh7 50. Nb2 Ra6 51. Qf2 Rba8 
52. Qd2 Rb8 53. Na4 Bxa4 54. Rxa4 Nd7 55. Bd3 Rba8 56. R4a3 Nb6 57. Bf1 a4 
58. Qd1 h5 59. Ne2 axb3 60. Rxa6 Rxa6 61. Rxa6 Nxc4 62. Qxb3 Nxe3 63. Ra4 Nec2 
64. Kh2 Qb8 65. Nc3 Bh6 66. Kh1 Ne3 67. Qb1 Kg7 68. Ra3 Bf4 69. Ne2 Bg5 
70. Nc3 Qb6 71. Ra6 Qd8 72. Ra7 Bf4 73. Nb5 Qh4 74. Nxd6 Qf2 75. Rxf7+ Kh6 
76. Rxf4 exf4 77. Nf7+ Kh7 78. d6 Nxf1 79. d7 Ng3+ 80. Kh2 Nc6 81. d8=Q Nxd8 
82. Nxd8 Nf1+ 83. Kh1 Ne3 84. Qb7+ Kh6 85. Nf7+ Kh7 86. Ne5+ Kh6 87. Nf7+ Kh7 
88. Nd6+ Kh6 89. Nf7+ 1/2-1/2

[Event "Friday 12 January Rapid Engine Tour12+1 Rponds 9 Starts 1600 ST"]
[Site "Infinity Chess"]
[Date "2018.1.12"]
[Round "7"]
[White "CrapCleaner"]
[Black "angriff"]
[Result "0-1"]
[ECO "B00"]
[WhiteElo "2415"]
[BlackElo "2412"]
[WhiteEngine "komodo-11.01-64bit_CTG"]
[BlackEngine "SF_64BIT_POPCNT_CTG"]
[EventType "Swiss"]
[WhiteTeam ""]
[BlackTeam ""]
[PlyCount "100"]
[TimeControl "720+1"]

1. e4 Nc6 2. d4 d5 3. e5 Bf5 4. c3 e6 5. Nd2 f6 6. f4 g5 7. Qh5+ Bg6 8. Qh3 Qd7 
9. Ngf3 gxf4 10. Bb5 O-O-O 11. O-O a6 12. Bxc6 Qxc6 13. Nb3 Bd3 14. Rf2 Bf5 
15. Qh4 Be7 16. Qh5 fxe5 17. dxe5 Qe8 18. Qxe8 Rxe8 19. Bxf4 c5 20. a4 Kd7 
21. Na5 Rb8 22. Rd1 h5 23. h3 Nh6 24. c4 d4 25. b4 b6 26. Nb3 a5 27. Nfxd4 cxd4 
28. Nxd4 Kc8 29. bxa5 bxa5 30. Be3 Rb1 31. Rxb1 Bxb1 32. Nxe6 Nf5 33. Ba7 Bb4 
34. Rb2 Re8 35. Nf4 Be4 36. Nxh5 Rxe5 37. g4 Re7 38. Bb6 Nd6 39. Re2 Nxc4 
40. Bd4 Nd2 41. Nf6 Bc6 42. Kf2 Rf7 43. Re6 Bxa4 44. Kg3 Nb3 45. Bb2 Nc5 
46. Re3 Bb5 47. Bd4 Nd3 48. Re6 Be1+ 49. Kf3 Bh4 50. Rb6 Ba4 0-1

[Event "Friday 12 January Rapid Engine Tour12+1 Rponds 9 Starts 1600 ST"]
[Site "Infinity Chess"]
[Date "2018.1.12"]
[Round "7"]
[White "miguello"]
[Black "IronMan"]
[Result "1/2-1/2"]
[ECO "A04"]
[WhiteElo "2421"]
[BlackElo "2421"]
[WhiteEngine "asmFishW_2017-11-19_popcnt_CTG"]
[BlackEngine "Stockfish SL FA PB BMI2"]
[EventType "Swiss"]
[WhiteTeam ""]
[BlackTeam ""]
[PlyCount "170"]
[TimeControl "720+1"]

1. Nf3 e6 2. c4 Nf6 3. d4 b6 4. g3 Be7 5. Bg2 Bb7 6. O-O O-O 7. Nc3 Ne4 
8. Qc2 Nxc3 9. Qxc3 c5 10. Rd1 d6 11. b3 Nd7 12. Qd3 h6 13. e4 Re8 14. Bb2 Qc7 
15. Ne1 a6 16. Nc2 Bf6 17. Rac1 Red8 18. Ne3 cxd4 19. Bxd4 Rac8 20. Qd2 Bxd4 
21. Qxd4 Nf6 22. Rc2 Bc6 23. f3 Qb7 24. Bf1 Be8 25. a4 Qc7 26. Ra2 Bc6 27. b4 a5 
28. b5 Bb7 29. Bg2 Rd7 30. Rad2 Re8 31. Qa1 Red8 32. Qa3 Kh7 33. Rd3 Kh8 
34. Qc1 Kg8 35. Qa3 Kh8 36. Qa2 Kg8 37. Qb2 Rc8 38. Qa1 Rcd8 39. Bf1 Qc5 
40. Qc3 Kf8 41. Qd4 Qxd4 42. Rxd4 g5 43. Bg2 Ke7 44. h3 Kf8 45. Kf1 Ke7 
46. R4d2 Rg8 47. Kf2 Rc8 48. Ke1 Rh8 49. Rd4 Rg8 50. Kf2 Rgd8 51. R4d3 Rg8 
52. h4 gxh4 53. gxh4 Rc8 54. R3d2 Rb8 55. Rd4 Rg8 56. R4d2 Rdd8 57. c5 dxc5 
58. Rxd8 Rxd8 59. Rxd8 Kxd8 60. Nc4 Nd7 61. Nd6 f6 62. Nxb7+ Kc7 63. Bh3 Nf8 
64. Nxc5 bxc5 65. f4 Kd6 66. Ke3 Nd7 67. Bg4 Nb6 68. Bd1 f5 69. Bc2 fxe4 
70. Kxe4 Nd7 71. Kd3 Nb6 72. Bb3 Nd7 73. Ke3 Nb6 74. Kd3 c4+ 75. Bxc4 Nxa4 
76. Kd4 Nb6 77. Bb3 a4 78. Ba2 a3 79. Kc3 Nd5+ 80. Bxd5 Kxd5 81. Kb3 Kc5 
82. Kxa3 Kxb5 83. Kb3 Kb6 84. Kc4 Kc6 85. Kd4 Kd6 1/2-1/2

[Event "Friday 12 January Rapid Engine Tour12+1 Rponds 9 Starts 1600 ST"]
[Site "Infinity Chess"]
[Date "2018.1.12"]
[Round "7"]
[White "KhalidOmar"]
[Black "RonWeasley"]
[Result "1/2-1/2"]
[ECO "C08"]
[WhiteElo "2452"]
[BlackElo "2431"]
[WhiteEngine "Eman 1.61a 64-bit BMI2"]
[BlackEngine "BrainFish 060118_CTG"]
[EventType "Swiss"]
[WhiteTeam ""]
[BlackTeam ""]
[PlyCount "80"]
[TimeControl "720+1"]

1. e4 e6 2. d4 d5 3. Nd2 c5 4. exd5 exd5 5. Ngf3 Nf6 6. Bb5+ Bd7 7. Bxd7+ Nbxd7 
8. O-O Be7 9. dxc5 Nxc5 10. Nb3 O-O 11. Nxc5 Bxc5 12. Bg5 Be7 13. c3 h6 
14. Be3 Bd6 15. Qd3 Re8 16. Rad1 Qc7 17. Bd4 Ne4 18. Be3 Nf6 19. g3 Bc5 
20. Bxc5 Qxc5 21. Nd4 Qa5 22. a3 Qb6 23. Qc2 Rac8 24. Qc1 Re5 25. Rfe1 Rce8 
26. Rxe5 Rxe5 27. Rd2 g6 28. Qd1 h5 29. Kg2 Kg7 30. Re2 Re4 31. Qc2 a5 
32. h3 Rxe2 33. Qxe2 a4 34. Qc2 Ne4 35. h4 Kf6 36. Kg1 Kg7 37. Qc1 Qf6 
38. Qc2 Qb6 39. Qc1 Qf6 40. Qc2 Qb6 1/2-1/2

[Event "Friday 12 January Rapid Engine Tour12+1 Rponds 9 Starts 1600 ST"]
[Site "Infinity Chess"]
[Date "2018.1.12"]
[Round "7"]
[White "Time_bandit"]
[Black "Dovahkiin"]
[Result "1/2-1/2"]
[ECO "D05"]
[WhiteElo "2454"]
[BlackElo "2444"]
[WhiteEngine "asmFishW_2017-11-19_popcnt"]
[BlackEngine "BrainFish_180106_x64_modern_CTG"]
[EventType "Swiss"]
[WhiteTeam ""]
[BlackTeam ""]
[PlyCount "162"]
[TimeControl "720+1"]

1. d4 d5 2. Nf3 Nf6 3. e3 e6 4. Bd3 c5 5. b3 Nc6 6. O-O Be7 7. Bb5 a6 
8. Bxc6+ bxc6 9. Ne5 Bb7 10. c3 a5 11. Ba3 Qc7 12. Re1 Bd6 13. h3 Bxe5 
14. dxe5 Qxe5 15. Bxc5 Nd7 16. Qd4 Qxd4 17. exd4 Nxc5 18. dxc5 g5 19. Nd2 Bc8 
20. g3 h5 21. f4 g4 22. f5 Ke7 23. fxe6 Bxe6 24. h4 Kf6 25. Rf1+ Kg6 
26. Rf4 Rae8 27. b4 Bc8 28. Nb3 Re3 29. Kg2 Rxc3 30. Nxa5 Bd7 31. Re1 Re8 
32. Rxe8 Bxe8 33. Nb3 Bd7 34. Nd4 Ra3 35. b5 cxb5 36. c6 Be8 37. Rf5 f6 
38. Rxd5 Rxa2+ 39. Kf1 Ra1+ 40. Kf2 Rc1 41. Rxb5 Bxc6 42. Rb8 Be4 43. Ne2 Rc5 
44. Nf4+ Kf5 45. Ke1 Ra5 46. Nxh5 Ra4 47. Nf4 Ke5 48. Rb5+ Kd6 49. h5 Ra3 
50. Rb6+ Ke5 51. h6 Rxg3 52. Nh5 Re3+ 53. Kd2 Rd3+ 54. Ke2 Rh3 55. Nxf6 Bd3+ 
56. Kd2 g3 57. h7 g2 58. Ng4+ Kd4 59. Rd6+ Kc5 60. Rxd3 g1=Q 61. Rxh3 Qg2+ 
62. Nf2 Qxf2+ 63. Kc3 Qe1+ 64. Kc2 Qe2+ 65. Kc3 Qe5+ 66. Kd2 Qb2+ 67. Ke1 Qe5+ 
68. Kf1 Qf6+ 69. Kg2 Qb2+ 70. Kg3 Qh8 71. Kf2 Qb2+ 72. Kg1 Qh8 73. Kf2 Kc6 
74. Rh6+ Kd5 75. Rh4 Qf8+ 76. Kg2 Qh8 77. Kg3 Ke5 78. Kg2 Kd5 79. Kh3 Ke5 
80. Kg2 Kf6 81. Kg3 Kf7 1/2-1/2

[Event "Friday 12 January Rapid Engine Tour12+1 Rponds 9 Starts 1600 ST"]
[Site "Infinity Chess"]
[Date "2018.1.12"]
[Round "7"]
[White "Vimtiroba"]
[Black "Thinker"]
[Result "1/2-1/2"]
[ECO "C26"]
[WhiteElo "2463"]
[BlackElo "2449"]
[WhiteEngine "AsmFish@J10V3_CTG"]
[BlackEngine "BrainFish_180106_x64_modern_CTG"]
[EventType "Swiss"]
[WhiteTeam ""]
[BlackTeam ""]
[PlyCount "128"]
[TimeControl "720+1"]

1. e4 e5 2. Nc3 Nf6 3. g3 Bc5 4. Bg2 O-O 5. Nge2 Nc6 6. O-O a5 7. d3 d6 8. h3 h6 
9. Kh2 Nd4 10. Nxd4 Bxd4 11. a4 Bd7 12. f4 Re8 13. Qf3 Ra6 14. Bd2 Rb6 
15. Rab1 Rc6 16. f5 Ra6 17. Ra1 Bc6 18. Qe2 d5 19. exd5 Nxd5 20. Ne4 Nf6 
21. c3 Ba7 22. Nxf6+ Qxf6 23. Bxc6 Rxc6 24. Rae1 Rd6 25. d4 Rd7 26. Bf4 Qxf5 
27. Bxh6 Qe6 28. Bf4 e4 29. Be3 c6 30. Qg4 Qxg4 31. hxg4 Rd5 32. Rf4 Bb8 
33. Rf2 f6 34. Kg2 Ba7 35. Rfe2 Kf7 36. Bf2 b5 37. b3 bxa4 38. bxa4 Rd7 
39. Rxe4 Rxe4 40. Rxe4 Rb7 41. g5 Rb2 42. g6+ Kxg6 43. Re7 Bb8 44. Kf3 Rb3 
45. Be1 Rb6 46. g4 Rb1 47. Bd2 Rb2 48. Ke3 f5 49. gxf5+ Kxf5 50. Rf7+ Ke6 
51. Rxg7 Ra2 52. c4 Rxa4 53. Kd3 Ra3+ 54. Ke4 Ra4 55. Rg6+ Kd7 56. c5 Ra3 
57. Rg8 Bh2 58. Bg5 Bc7 59. Rg7+ Kc8 60. Bf6 Ra1 61. Rg8+ Kd7 62. Rg7+ Kc8 
63. Rg8+ Kd7 64. Rg7+ Kc8 1/2-1/2

[Event "Friday 12 January Rapid Engine Tour12+1 Rponds 9 Starts 1600 ST"]
[Site "Infinity Chess"]
[Date "2018.1.12"]
[Round "7"]
[White "Cepri"]
[Black "Wolle"]
[Result "1/2-1/2"]
[ECO "C50"]
[WhiteElo "2460"]
[BlackElo "2473"]
[WhiteEngine "BrainFish_180106_x64"]
[BlackEngine "Raubfisch X37a2_CTG"]
[EventType "Swiss"]
[WhiteTeam ""]
[BlackTeam ""]
[PlyCount "103"]
[TimeControl "720+1"]

1. e4 e5 2. Nf3 Nc6 3. Bc4 Bc5 4. O-O Nf6 5. d3 d6 6. c3 a5 7. b3 O-O 8. h3 h6 
9. Re1 Re8 10. Nbd2 Be6 11. Bb5 Bd7 12. Bb2 Ba7 13. d4 Nh7 14. Rc1 Nxd4 
15. Nxd4 exd4 16. Bxd7 Qxd7 17. cxd4 c6 18. Nf3 Nf6 19. Nd2 Nh7 20. Nf3 Nf6 
21. Qd3 d5 22. e5 Ne4 23. Nd2 f5 24. f3 Ng5 25. f4 Ne6 26. g3 Rf8 27. Nf3 a4 
28. Kh2 g5 29. Ng1 axb3 30. axb3 gxf4 31. gxf4 Kh8 32. Ne2 Qf7 33. Rg1 Bb6 
34. b4 Nc7 35. Rg2 Rg8 36. Rcg1 Rxg2+ 37. Rxg2 Rg8 38. Bc1 Ne6 39. Rxg8+ Kxg8 
40. Be3 Bd8 41. b5 Bh4 42. bxc6 bxc6 43. Kg1 Qg6+ 44. Kf1 Qh5 45. Bf2 Be7 
46. Kg1 Kh8 47. Kh2 Kh7 48. Kg1 Kg6 49. Kh2 Kh7 50. Kg1 Qg6+ 51. Kf1 Qh5 52. Kg1 
1/2-1/2

[Event "Friday 12 January Rapid Engine Tour12+1 Rponds 9 Starts 1600 ST"]
[Site "Infinity Chess"]
[Date "2018.1.12"]
[Round "7"]
[White "Eman"]
[Black "THE_MACHINE"]
[Result "1/2-1/2"]
[ECO "C65"]
[WhiteElo "2467"]
[BlackElo "2484"]
[WhiteEngine "Eman 1.61a 64-bit POPCNT"]
[BlackEngine "Houdini 6"]
[EventType "Swiss"]
[WhiteTeam ""]
[BlackTeam ""]
[PlyCount "232"]
[TimeControl "720+1"]

1. e4 e5 2. Nf3 Nc6 3. Bb5 Nf6 4. d3 Bc5 5. c3 O-O 6. O-O d6 7. h3 Bb6 
8. Nbd2 Ne7 9. Nc4 Be6 10. Ng5 Bxc4 11. Bxc4 c6 12. Bb3 d5 13. d4 Qc7 
14. Re1 dxe4 15. Nxe4 Nxe4 16. Rxe4 exd4 17. Bg5 Ng6 18. cxd4 Rae8 19. Qg4 Rxe4 
20. Qxe4 Qd6 21. Rd1 h6 22. Bd2 Ne7 23. a4 Nd5 24. a5 Bc7 25. g3 b6 
26. axb6 Bxb6 27. Bc3 Qd7 28. h4 Re8 29. Qf3 g6 30. h5 g5 31. Bc2 Kf8 
32. Kg2 Re7 33. Ra1 Qe6 34. Bd3 Nxc3 35. bxc3 Kg7 36. Bf5 Qd6 37. Bd3 Qe6 
38. Bc2 Qd5 39. Qxd5 cxd5 40. Ra3 Kf6 41. Bb3 Ke6 42. Kf1 Kd6 43. Bc2 Bd8 
44. Ra6+ Bb6 45. Bf5 Rc7 46. Ra3 Re7 47. Bc2 Re6 48. f3 Re3 49. Kf2 Re7 
50. Ra1 Re8 51. Bf5 Re7 52. Ra6 Rc7 53. Ra3 Re7 54. Bc2 Re6 55. Bf5 Re7 
56. g4 Kc6 57. Bh7 Kd6 58. Bd3 Re6 59. Be2 Ke7 60. Rb3 Kd6 61. Rb5 Kc6 
62. Rb3 Kd6 63. Rb5 Kc6 64. Rb2 Re7 65. Ke1 Bc7 66. Ra2 a5 67. Kf2 Kd6 
68. Bd1 Bd8 69. Bc2 Rc7 70. Ra3 Rb7 71. Ke3 Bc7 72. Kd2 Rb8 73. Ra4 Kd7 
74. Bf5+ Kd6 75. Bc2 Kd7 76. Ra1 Ke6 77. Ke2 Rb2 78. Kd1 Rb5 79. Bf5+ Ke7 
80. Bc2 Ke6 81. Bf5+ Ke7 82. Ra3 Rb2 83. Bc2 Rb5 84. Ra4 Bf4 85. Ra2 Bc7 
86. Ra3 Bd6 87. Ra4 Bf4 88. Ke2 Bb8 89. Kd3 Bg3 90. Ra2 Bf4 91. Ra4 Bg3 
92. Ra2 Bf4 93. Ra1 Bc7 94. Re1+ Kf6 95. Ba4 Rb6 96. Bd7 Rd6 97. Bc8 Rb6 
98. Bd7 Rd6 99. Bc8 Rb6 100. Kc2 Rb5 101. Bd7 Rb6 102. Rf1 Ke7 103. Ba4 Rf6 
104. Bb3 Kd6 105. Kd2 Rf4 106. Bc2 Rf6 107. Bf5 Ke7 108. Re1+ Kd8 109. Ra1 Ke7 
110. Ra3 Rc6 111. Rb3 Ra6 112. Bd3 Ra7 113. Bb5 Bd6 114. Ba4 Rc7 115. Rb5 Bf4+ 
116. Kd3 Kd6 1/2-1/2

[Event "Friday 12 January Rapid Engine Tour12+1 Rponds 9 Starts 1600 ST"]
[Site "Infinity Chess"]
[Date "2018.1.12"]
[Round "7"]
[White "Katzenmaier"]
[Black "Deep_Impact"]
[Result "1/2-1/2"]
[ECO "C26"]
[WhiteElo "2483"]
[BlackElo "2504"]
[WhiteEngine "S_XPrO.251117.x64.POPCNT_CTG"]
[BlackEngine "BrainFish_171226_x64_modern"]
[EventType "Swiss"]
[WhiteTeam ""]
[BlackTeam ""]
[PlyCount "113"]
[TimeControl "720+1"]

1. e4 e5 2. Nc3 Nf6 3. g3 d5 4. exd5 Nxd5 5. Nf3 Nc6 6. Bg2 Nxc3 7. bxc3 Bc5 
8. O-O O-O 9. d3 Bg4 10. h3 Bh5 11. Qe2 Re8 12. Qe4 Bb6 13. Qh4 Qxh4 14. Nxh4 f6 
15. a4 Bf7 16. Nf5 Be6 17. Ne3 Rad8 18. Re1 Kf7 19. Rb1 Rb8 20. Bd2 Bd7 
21. Nc4 h6 22. Bd5+ Kf8 23. Bg2 Bc5 24. a5 b6 25. axb6 axb6 26. Ra1 Ra8 
27. Ne3 Rxa1 28. Rxa1 Ne7 29. g4 b5 30. Bc1 c6 31. Ra6 Rd8 32. Bf3 Kf7 
33. Ba3 Bxa3 34. Rxa3 g6 35. c4 Be6 36. cxb5 cxb5 37. Ra7 b4 38. Kg2 Rd7 
39. Ra6 b3 40. cxb3 Bxb3 41. Kf1 Be6 42. Ke2 Rd4 43. Ra7 Rd7 44. Ra6 Rd4 
45. Bg2 h5 46. Bf3 h4 47. Bg2 g5 48. Be4 Bc8 49. Ra8 Rd6 50. Kf3 Kg7 51. Ra7 Rd7 
52. Ra8 Rc7 53. Ke2 Bd7 54. Ra6 Bc8 55. Ra8 Rd7 56. Kf3 Rc7 57. Ke2 1/2-1/2

[Event "Friday 12 January Rapid Engine Tour12+1 Rponds 9 Starts 1600 ST"]
[Site "Infinity Chess"]
[Date "2018.1.12"]
[Round "7"]
[White "neófito"]
[Black "Marsell"]
[Result "1/2-1/2"]
[ECO "D50"]
[WhiteElo "2428"]
[BlackElo "2487"]
[WhiteEngine "BrainFish_180106_x64_bmi2_CTG"]
[BlackEngine "asmFishW_2018-01-11_popcnt"]
[EventType "Swiss"]
[WhiteTeam ""]
[BlackTeam ""]
[PlyCount "116"]
[TimeControl "720+1"]

1. d4 d5 2. c4 e6 3. Nc3 Nf6 4. Bg5 dxc4 5. e3 c5 6. Bxc4 cxd4 7. Bxf6 Qxf6 
8. exd4 g6 9. Nf3 Bg7 10. O-O O-O 11. d5 Rd8 12. Qb3 Na6 13. dxe6 Bxe6 
14. Ne4 Qf5 15. Bxe6 Qxe6 16. Qxe6 fxe6 17. Rac1 Rac8 18. b3 Nb4 19. a4 Nd3 
20. Rxc8 Rxc8 21. g3 Nc1 22. Nfd2 Kf8 23. Kg2 Ke7 24. h4 Bh6 25. Ng5 Rc2 
26. Rd1 b6 27. Rh1 e5 28. Nc4 Nd3 29. Ne4 Re2 30. h5 Rxe4 31. hxg6 Bg7 
32. gxh7 Bh8 33. Ne3 Kf7 34. Rh6 Ne1+ 35. Kh3 Nf3 36. Rc6 Nd4 37. Rc7+ Kg6 
38. Rxa7 Nxb3 39. Nd5 Nd4 40. f4 exf4 41. Nxf4+ Kh6 42. Rb7 Re3 43. Kg4 Rb3 
44. Nd5 Ra3 45. Rxb6+ Kxh7 46. Rb7+ Kh6 47. Rb6+ Kh7 48. Rb7+ Bg7 49. Nf4 Rxa4 
50. Nh5 Ne6+ 51. Kf3 Ra3+ 52. Ke2 Kg6 53. Nxg7 Nd4+ 54. Kf2 Ra2+ 55. Ke1 Nc2+ 
56. Ke2 Kg5 57. Nf5 Nd4+ 58. Kd1 Kxf5 1/2-1/2

[Event "Friday 12 January Rapid Engine Tour12+1 Rponds 9 Starts 1600 ST"]
[Site "Infinity Chess"]
[Date "2018.1.12"]
[Round "7"]
[White "Harry_Potter"]
[Black "localhero"]
[Result "1/2-1/2"]
[ECO "A20"]
[WhiteElo "2509"]
[BlackElo "2434"]
[WhiteEngine "asmFishW_2018-01-11_bmi2_CTG"]
[BlackEngine "asmFishW_2017-10-04_popcnt"]
[EventType "Swiss"]
[WhiteTeam ""]
[BlackTeam ""]
[PlyCount "152"]
[TimeControl "720+1"]

1. c4 e5 2. g3 Nf6 3. Nc3 d5 4. cxd5 Nxd5 5. Bg2 Nb6 6. a3 Nc6 7. Nf3 Be7 
8. O-O O-O 9. d3 Be6 10. Be3 f5 11. Rc1 a6 12. b4 Kh8 13. Qd2 Bf6 14. Bg5 Nd4 
15. Bxf6 Qxf6 16. Qe3 Nd7 17. Na4 Nxf3+ 18. Bxf3 f4 19. Qd2 c6 20. Kh1 Rad8 
21. Rg1 Kg8 22. Qb2 Rf7 23. Nc3 Qe7 24. a4 fxg3 25. Rxg3 Nf6 26. b5 axb5 
27. axb5 c5 28. Ne4 Nxe4 29. Bxe4 Bf5 30. Bxf5 Rxf5 31. Qa2+ Kh8 32. f3 Rf4 
33. Rgg1 g6 34. Qa7 Rd5 35. Qa2 Rd8 36. Qa7 Rd5 37. b6 Kg7 38. Qb8 Rf6 
39. Qc7 Qxc7 40. bxc7 Rc6 41. Rb1 Rxc7 42. Rb5 Rdd7 43. Rgb1 c4 44. dxc4 e4 
45. Kg2 exf3+ 46. exf3 Rxc4 47. Rxb7 Rcc7 48. Rxc7 Rxc7 49. Kg3 g5 50. Kg4 h6 
51. Kh3 Kg6 52. Kg3 Kg7 53. h3 h5 54. Rb8 Kf7 55. f4 Rc3+ 56. Kf2 g4 
57. hxg4 hxg4 58. Rb7+ Ke6 59. Rb6+ Kd5 60. Rh6 Ke4 61. Rf6 Rd3 62. Rf7 Ra3 
63. Kg2 g3 64. f5 Kf4 65. Rb7 Kxf5 66. Rb5+ Kg4 67. Rb7 Kf5 68. Rb1 Kg6 
69. Rb8 Kf7 70. Rb1 Kg7 71. Rc1 Kg8 72. Rb1 Rc3 73. Rb2 Ra3 74. Rb1 Rc3 
75. Rb2 Rd3 76. Rb1 Rc3 1/2-1/2

[Event "Friday 12 January Rapid Engine Tour12+1 Rponds 9 Starts 1600 ST"]
[Site "Infinity Chess"]
[Date "2018.1.12"]
[Round "7"]
[White "Murx"]
[Black "Thor"]
[Result "1/2-1/2"]
[ECO "E10"]
[WhiteElo "2473"]
[BlackElo "2472"]
[WhiteEngine "BrainFish_171226_x64_modern"]
[BlackEngine "asmFishW_2017-11-19_bmi2"]
[EventType "Swiss"]
[WhiteTeam ""]
[BlackTeam ""]
[PlyCount "74"]
[TimeControl "720+1"]

1. d4 Nf6 2. c4 e6 3. Nf3 d5 4. Nc3 c6 5. Bg5 h6 6. Bxf6 Qxf6 7. e3 Nd7 
8. Be2 g6 9. O-O Bg7 10. e4 dxe4 11. Nxe4 Qf4 12. Qc2 f5 13. Ned2 c5 14. g3 Qd6 
15. Nh4 Kf7 16. d5 e5 17. Rae1 h5 18. Bd3 Nf6 19. b4 b6 20. bxc5 bxc5 21. f3 Bd7 
22. Kh1 Rae8 23. Re2 Re7 24. Rfe1 Rhe8 25. Qc1 a5 26. Bc2 a4 27. Rg1 Rh8 
28. Rge1 Bh6 29. Qd1 Qa6 30. Qa1 Rb8 31. Qc3 Ree8 32. Nb1 Bg7 33. Nd2 e4 
34. Qa3 Bh6 35. Qc3 Bg7 36. Qa3 Bh6 37. Qc3 Bg7 1/2-1/2